 Dungeon Crawl Stone Soup version 0.30-a0-360-g447f08457e (webtiles) character file.

Game seed: 13973836733082265178

200 mcwallace the Chiller (level 5, -6/31 HPs)
             Began as an Octopode Ice Elementalist on Nov 14, 2022.
             Killed by divine providence
             ... invoked by an orc priest
              (16 damage)
             ... on level 4 of the Dungeon.
             The game lasted 00:06:13 (2391 turns).

mcwallace the Chiller (Octopode Ice Elementalist)   Turns: 2391, Time: 00:06:14

Health: -6/31      AC:  1    Str:  7    XL:     5   Next: 79%
Magic:  16/19      EV: 14    Int: 19    God:
Gold:   142        SH:  0    Dex: 13    Spells: 3/10 levels left

rFire   . . .      SeeInvis .    c - +1 sling (flame)
rCold   . . .      Faith    .    (no shield)
rNeg    . . .      Spirit   .    (helmet restricted)
rPois   .          Reflect  .    (no amulet)
rElec   .          Harm     .    r - ring of magical power
rCorr   .          Rampage  .    (no ring)
Will    .....                    (no ring)
Stlth   +++.......               (no ring)
HPRegen 0.25/turn                (no ring)
MPRegen 0.16/turn                (no ring)
                                 (no ring)
                                 (no ring)

@: freezing walls
A: almost no armour, amphibious, 8 rings, camouflage 1, gelatinous body 1,
(nimble swimmer 1), tentacles
a: no special abilities


You were on level 4 of the Dungeon.
You visited 1 branch of the dungeon, and saw 4 of its levels.

You collected 142 gold pieces.


Innate Abilities, Weirdness & Mutations

You cannot wear most types of armour.
You are amphibious.
You can wear up to eight rings at the same time.
Your skin changes colour to match your surroundings (Stealth+).
Your rubbery body absorbs attacks. (AC +1, EV +1)
((You are camouflaged when in or above water. (Stealth+)))
You have tentacles for arms and can constrict up to eight enemies at once.


   Skills:
 + Level 3.6 Dodging
 - Level 2.6 Stealth
 + Level 3.4 Spellcasting
 + Level 5.1 Ice Magic


You had 3 spell levels left.
You knew the following spells:

 Your Spells              Type           Power      Damage    Failure   Level
a - Freeze                Ice            88%        1d9       1%          1
b - Frozen Ramparts       Ice            44%        1d7       5%          3
c - Ozocubu's Armour      Ice            22%        N/A       5%          3

Your spell library contained the following spells:

 Spells                   Type           Power      Damage    Failure   Level
 Slow                     Hex            12%        N/A       14%         1
 Blink                    Tloc           6%         N/A       22%         2
 Confusing Touch          Hex            3%         N/A       41%         3
 Vampiric Draining        Necr           3%         2d6       41%         3
 Summon Ice Beast         Ice/Summ       13%        N/A       45%         4

Inventory:

Hand Weapons
 c - a +1 sling of flaming (weapon)
   (You found it on level 1 of the Dungeon)
 d - a +0 dagger {short}
   (You took it off a goblin on level 1 of the Dungeon)
 u - a +0 dagger of venom {short}
   (You took it off a kobold on level 3 of the Dungeon)
Missiles
 f - 7 poisoned darts {throwing}
 h - 8 stones {throwing}
 p - 2 throwing nets {=f!fthrowing}
Armour
 o - a +0 crystal plate armour {rare=g}
   (You found it on level 3 of the Dungeon)
Jewellery
 r - a ring of magical power (left tentacle)
   (You found it on level 3 of the Dungeon)
Scrolls
 b - a scroll of identify {unknown}
 i - a scroll of butterflies {unknown}
 k - a scroll of blinking {!r}
 l - a scroll of noise {unknown}
 m - a scroll of poison {unknown}
 q - a scroll of teleportation {unknown}
 t - a scroll of fear {unknown}
 v - a scroll of magic mapping {unknown}
Potions
 a - 2 potions of magic
 e - a potion of flight {unknown}
 g - a potion of berserk rage {unknown}
 j - 2 potions of lignification {unknown}
 n - 2 potions of curing {unknown}
 s - 2 potions of resistance {unknown}

Dungeon Overview and Level Annotations

Branches:
Dungeon (4/15) Zot: 21563
 Temple: D:4-7

Altars:
Sif Muna

# ... .# #. .#.. .# #.#
... .# ...... .#
####.#.# .### .......
..o ####...#.##o######
#......#..@.......
#....#.##.#####. #.#
#....#.##.# #.#
#.......#.# #.# .#
####.#.##.#
#.###.#......#.# .#
...##.########.# ..
#..##.#........########
#..##.#.######........!


You could see an orc priest and an orc.


Message History

The walls around you are covered in ice.
The phantom resists.
The wall freezes the phantom.
The phantom hits you.
The phantom blinks!
You blink.
The frozen ramparts melt away as you move. 😮 HP[-6] MP[-3]
You take 6 damage, and now have 18/31 hp.
You lost 3 mp, and now have 8/19 mp.
Casting: Frozen Ramparts (dangerous; 5% risk of failure)
Confirm with . or Enter, or press ? or * to list all spells.
Casting: Frozen Ramparts (dangerous; 5% risk of failure)
Press: ? - help, Dir - look around, f - activate The walls around you are covered in ice.
The wall freezes the phantom but does no damage.
The phantom misses you. 😮 MP[-3]
You lost 3 mp, and now have 5/19 mp.
Fire: c) +1 sling (flame)
Press: ? - help, Q - select action, (/) - cycle Shift-Dir - straight line, f - phantom
Aim: a phantom (lightly damaged, 41% to hit)
You shoot a sling bullet.
The sling bullet barely misses the phantom.
The phantom resists.
The wall freezes the phantom.
The phantom misses you.
The wall freezes the phantom but does no damage.
The phantom hits you.
* * * LOW HITPOINT WARNING * * *
The phantom blinks!
You blink.
The frozen ramparts melt away as you move. 😨 HP[-6] MP[+1]
You take 6 damage, and now have 12/31 hp.
Casting: Frozen Ramparts (dangerous; 5% risk of failure)
Confirm with . or Enter, or press ? or * to list all spells.
Casting: Frozen Ramparts (dangerous; 5% risk of failure)
Press: ? - help, Dir - look around, f - activate The walls around you are covered in ice.
The phantom resists.
The wall freezes the phantom.
The phantom hits you!
* * * LOW HITPOINT WARNING * * *
The phantom blinks!
You blink.
The frozen ramparts melt away as you move. 😱 HP[-6] MP[-3]
You take 6 damage, and now have 6/31 hp.
You lost 3 mp, and now have 3/19 mp.
Unknown command.
Blink to where?
Press: ? - help, Dir - move target
As you read the scroll labelled UPROMU CEPLAVA, it crumbles to dust.
It was a scroll of blinking.
Your magical contamination has completely faded away.
There is a stone staircase leading down here. 😱 HP[+1] 😱 MP[+1]
There is a stone staircase leading up here. 😨 HP[+1]
You climb upwards.
There is a stone staircase leading down here. 😨 MP[+1]
You start resting. 😕 HP[+22] MP[+14]
You regained 22 hp, and now have 30/31 hp.
Your mp is fully restored (19).
You start resting. 😎 HP[+1]
Your hp is fully restored (31).
You see here a +0 dagger {short}.
There is a stone staircase leading up here.
There is a stone staircase leading down here.
You climb downwards.
There is a stone staircase leading up here.
Okay, then.
v - a scroll labelled MED RIBRITZ
j - 2 glowing amethyst potions (gained 1)
A phantom is nearby!
An orc comes into view. It is wielding a +0 mace.
The orc shouts!
You hear a shout! x2
Fire: c) +1 sling (flame)
Press: ? - help, Q - select action, (/) - cycle Shift-Dir - straight line, f - orc
Aim: an orc, wielding a +0 mace (54% to hit)
You shoot a sling bullet. The sling bullet hits the orc.
The sling bullet burns the orc.
You hear a shout!
An orc priest comes into view. It is wielding a +0 short sword.
The orc hits you with a +0 mace! The orc barely misses you.
The orc priest calls down the wrath of Beogh upon you.
Beogh smites you!
* * * LOW HITPOINT WARNING * * *
😨 HP[-21]
You take 21 damage, and now have 10/31 hp.
MASSIVE DAMAGE!! (PAUSE)
Casting: Frozen Ramparts (dangerous; 5% risk of failure)
Confirm with . or Enter, or press ? or * to list all spells.
Casting: Frozen Ramparts (dangerous; 5% risk of failure)
Press: ? - help, Dir - look around, f - activate The walls around you are covered in ice.
The wall freezes the orc priest but does no damage.
The orc priest invokes the aid of Beogh against you.
Beogh smites you!
Ouch! That really hurt!
You die...

Skill      XL: |  1  2  3  4  5 |
---------------+----------------+-----
Dodging        | 3 |  3.6
Spellcasting   | 3 |  3.4
Ice Magic      | 5 |  5.1
Stealth        | |  2.6

Action                   |  1- 3 |  4- 6 || total
-------------------------+-------+-------++-------
Melee: Unarmed           |     7 |       ||     7
       Constrict         |     2 |       ||     2
       Tentacles         |     2 |       ||     2
 Fire: Sling             |    55 |    61 ||   116
 Cast: Freeze            |     7 |       ||     7
       Frozen Ramparts   |     4 |    12 ||    16
       Ozocubu's Armour  |       |     3 ||     3
  Use: Scroll            |       |     1 ||     1
Armor: Skin              |     3 |     6 ||     9
Dodge: Dodged            |    28 |    19 ||    47

Levels and vault maps discovered:
D:1:      evilmike_arrival_plus, layout_loops_ring
D:2:      layout_loops_cross, kennysheep_jessica_study
D:3:      layout_rooms, kennysheep_orc_sif_temple,
          shapermc_ecumenical_altar_notcrosses, chequers_serial_rivers_room_a
D:4:      layout_basic, mainiacjoe_overflow_alcove_2, serial_shops,
          nicolae_stop_n_shop_2, hangedman_abyss_or_decor_stagger,
          uniq_blork_the_orc

Notes
Turn   | Place    | Note
-------+----------+-------------------------------------------
     0 | D:1      | mcwallace the Octopode Ice Elementalist began the quest for
                  | the Orb.
     0 | D:1      | Reached XP level 1. HP: 11/11 MP: 3/3
     0 | D:1      | magus.rc [v1.9.6]
   208 | D:1      | Reached XP level 2. HP: 15/17 MP: 5/5
   679 | D:2      | Reached XP level 3. HP: 21/21 MP: 1/6
   686 | D:2      | Learned a level 3 spell: Frozen Ramparts
  1046 | D:2      | You pick up a book of Debilitation and begin reading...
  1046 | D:2      | You add the spells Slow, Vampiric Draining and Confusing
                  | Touch to your library.
  1251 | D:2      | Identified a +2 robe of the Archmagi
  1251 | D:2      | Noticed Jessica
  1259 | D:2      | Killed Jessica
  1260 | D:2      | Reached skill level 3 in Dodging
  1260 | D:2      | Reached XP level 4. HP: 23/27 MP: 4/8
  1267 | D:2      | Got Jessica's Reference Book on the Wayfarer
  1498 | D:3      | Identified a +0 crystal plate armour
  1499 | D:3      | o - a +0 crystal plate armour {rare=g}
  1519 | D:3      | Learned a level 3 spell: Ozocubu's Armour
  1551 | D:3      | Found a shimmering blue altar of Sif Muna.
  1694 | D:3      | Reached skill level 3 in Spellcasting
  1765 | D:3      | Found a faded altar of an unknown god.
  1879 | D:3      | Reached XP level 5. HP: 31/31 MP: 9/9
  1979 | D:3      | Reached skill level 5 in Ice Magic
  2180 | D:4      | Noticed a phantom
  2195 | D:4      | HP: 6/31 [phantom (7)]
  2391 | D:4      | Killed from afar by an orc priest

Vanquished Creatures
  A scorpion (D:3)
  Jessica (D:2)
  An orc wizard (D:3)
  2 adders
  A worm (D:3)
  2 dart slugs (D:2)
  8 orcs
  6 endoplasms
  3 giant cockroaches
  4 goblins
  4 hobgoblins
  4 quokkas
  7 ball pythons
  4 bats
  2 frilled lizards (D:1)
  5 kobolds
  6 rats
61 creatures vanquished.

Table legend:
 A = Non-vault XP
 B = Vault XP
 C = Vault XP percentage of total XP
 D = Non-vault monster count
 E = Vault monster count
 F = Vault count percentage of total count
                 A         B        C        D         E       F
            +---------+---------+-------+---------+---------+-------
      Total |     245 |      42 |  14.6 |      58 |       3 |   4.9
            +---------+---------+-------+---------+---------+-------
        D:1 |      27 |       0 |   0.0 |      18 |       0 |   0.0
        D:2 |      42 |      39 |  48.1 |      15 |       2 |  11.8
        D:3 |     176 |       3 |   1.7 |      25 |       1 |   3.8
            +---------+---------+-------+---------+---------+-------

Illustrated notes

Table legend:
 A = Kills in this place as a percentage of kills in entire the game.
 B = Kills by you in this place as a percentage of kills by you in the entire game.
 C = Kills by friends in this place as a percentage of kills by friends in the entire game.
 D = Other kills in this place as a percentage of other kills in the entire game.
 E = Experience gained in this place as a percentage of experience gained in the entire game.
 F = Experience gained in this place divided by the number of levels of this place that you have seen.
                   A       B       C       D       E      F
               +-------+-------+-------+-------+-------+----------------------
         Total | 100.0 | 100.0 |   N/A |   N/A | 100.0 |  71.8
       Dungeon | 100.0 | 100.0 |   N/A |   N/A | 100.0 |  71.8
               +-------+-------+-------+-------+-------+----------------------

Table legend: (Time is in decaauts)
 A = Elapsed time spent in this place.
 B = Non-inter-level travel time spent in this place.
 C = Inter-level travel time spent in this place.
 D = Time resting spent in this place.
 E = Time spent auto-exploring this place.
 F = Levels seen in this place.
 G = Mean time per level.
                   A        B        C        D        E       F      G
               +--------+--------+--------+--------+--------+-----+--------+
         Total |   2435 |   2291 |    144 |    103 |   1841 |   4 |  608.8 |
       Dungeon |   2435 |   2291 |    144 |    103 |   1841 |   4 |  608.8 |
               +--------+--------+--------+--------+--------+-----+--------+

Top non-repeatable levels by time:
     D:3: 838 daAuts
     D:2: 821 daAuts
     D:1: 681 daAuts
     D:4: 94 daAuts
